General information
- name: BNet
- type: Ladder team game (AT/RT)
- host: Battle.net
- saver: bubbleboy.
map: TwilightRuins
- players: 8
- length: 256:31
- speed: Fast
- version: 1.26 W3XP
- replay type: Public
» download(654 KB)
Players
team 1 (winner)

»
IamChris (
yellow | 40 APM | 3645 actions | 91:48)
4 Archmage
2 Summon Water Elemental
2 Brilliance Aura
3 Mountain King
2 Storm Bolt
1 Bash
2 Paladin
1 Holy Light
1 Divine Shield
» actions
| Assign group hotkey | 451 | |
| Basic commands | 63 | |
| Build / train | 107 | |
| Enter build submenu | 28 | |
| Enter hero's abilities submenu | 9 | |
| Give item / drop item | 2 | |
| Right click | 1011 | |
| Select / deselect | 1490 | |
| Select group hotkey | 345 | |
| Use ability | 136 | |
3645 total
» units
| Peasant | 24 | |
| Footman | 4 | |
| Rifleman | 15 | |
| Goblin Shredder | 4 | |
| Sorceress | 9 | |
| Priest | 1 | |
| Spell Breaker | 3 | |
60 total
» upgrades
| Gunpowder | 3 | |
| Long Rifles | 1 | |
| Sorceress Training | 2 | |
| Magic Sentry | 1 | |
| Control Magic | 1 | |
8 total
» buildings
| Altar of Kings | 1 | |
| Farm | 14 | |
| Barracks | 2 | |
| Town Hall | 1 | |
| Keep | 3 | |
| Lumber Mill | 1 | |
| Blacksmith | 1 | |
| Arcane Sanctum | 2 | |
| Arcane Vault | 1 | |
| Scout Tower | 3 | |
| Castle | 1 | |
| Arcane Tower | 2 | |
32 total
» build order
00:05 Altar of Kings
00:19 Farm
00:23 Barracks
00:35 Farm
01:35 Farm
03:07 Town Hall
04:00 Keep
04:00 Keep
04:00 Keep
04:18 Lumber Mill
04:21 Blacksmith
04:45 Barracks
04:48 Farm
05:58 Farm
06:27 Arcane Sanctum
06:30 Arcane Sanctum
06:33 Farm
06:33 Farm
07:21 Arcane Vault
08:20 Scout Tower
08:22 Scout Tower
09:03 Farm
09:08 Castle
09:10 Arcane Tower
10:07 Farm
10:10 Arcane Tower
10:11 Farm
10:13 Farm
10:33 Scout Tower
14:06 Farm
14:45 Farm
19:20 Farm
» items
| Dust of Appearance | 2 | |
| Scroll of Town Portal | 4 | |
| Scroll of Healing | 3 | |
| Potion of Lesser Invulnerability | 1 | |
10 total
BrightStar (
pink | 56 APM | 1005 actions | 17:55)
3 Warden
2 Fan of Knives
1 Blink
» actions
| Assign group hotkey | 13 | |
| Build / train | 71 | |
| Enter build submenu | 28 | |
| Enter hero's abilities submenu | 3 | |
| Give item / drop item | 3 | |
| Right click | 323 | |
| Select / deselect | 194 | |
| Select group hotkey | 267 | |
| Use ability | 103 | |
1005 total
» units
| Wisp | 28 | |
| Archer | 7 | |
| Hippogryph | 11 | |
| Chimaera | 3 | |
49 total
» upgrades
| Strength of the Wild | 2 | |
| Reinforced Hides | 2 | |
| Well Spring | 1 | |
| Hippogryph Taming | 1 | |
| Corrosive Breath | 1 | |
7 total
» buildings
| Altar of Elders | 1 | |
| Moon Well | 6 | |
| Ancient of War | 6 | |
| Ancient of Wonders | 2 | |
| Tree of Ages | 1 | |
| Hunter's Hall | 1 | |
| Tree of Life | 2 | |
| Ancient of Wind | 3 | |
| Tree of Eternity | 1 | |
| Chimaera Roost | 5 | |
28 total
» build order
00:09 Altar of Elders
00:19 Moon Well
00:33 Ancient of War
01:33 Moon Well
02:00 Ancient of War
02:04 Ancient of War
02:22 Moon Well
03:11 Ancient of Wonders
03:17 Ancient of Wonders
04:36 Tree of Ages
05:18 Hunter's Hall
05:37 Tree of Life
05:39 Ancient of War
05:42 Tree of Life
05:43 Ancient of War
06:04 Ancient of War
07:13 Ancient of Wind
07:16 Ancient of Wind
07:55 Tree of Eternity
10:29 Chimaera Roost
10:29 Chimaera Roost
12:15 Moon Well
12:16 Moon Well
12:30 Chimaera Roost
12:34 Chimaera Roost
12:36 Chimaera Roost
13:17 Moon Well
14:03 Ancient of Wind
» items
| Lesser Clarity Potion | 2 | |
| Staff of Teleportation | 1 | |
| Boots of Speed | 1 | |
| Scroll of Town Portal | 1 | |
| Staff of Preservation | 1 | |
| Moonstone | 2 | |
8 total

»
Dazitmane (
blue | 53 APM | 3252 actions | 61:39)
9 Demon Hunter
3 Evasion
3 Mana Burn
1 Metamorphosis
2 Immolation
5 Priestess of the Moon
3 Trueshot Aura
2 Scout
» actions
| Basic commands | 1 | |
| Build / train | 214 | |
| Enter build submenu | 51 | |
| Enter hero's abilities submenu | 14 | |
| Give item / drop item | 16 | |
| Remove unit from queue | 2 | |
| Right click | 1774 | |
| Select / deselect | 952 | |
| Use ability | 228 | |
3252 total
» units
| Wisp | 88 | |
| Archer | 6 | |
| Hippogryph | 39 | |
| Chimaera | 9 | |
142 total
» upgrades
| Strength of the Wild | 3 | |
| Ultravision | 1 | |
| Reinforced Hides | 2 | |
| Corrosive Breath | 1 | |
| Well Spring | 1 | |
| Nature's Blessing | 1 | |
9 total
» buildings
| Altar of Elders | 4 | |
| Moon Well | 16 | |
| Ancient of War | 1 | |
| Ancient of Wonders | 1 | |
| Tree of Ages | 5 | |
| Tree of Life | 13 | |
| Ancient of Wind | 7 | |
| Tree of Eternity | 5 | |
| Hunter's Hall | 1 | |
| Chimaera Roost | 6 | |
59 total
» build order
00:08 Altar of Elders
00:19 Moon Well
00:48 Ancient of War
01:31 Moon Well
01:58 Ancient of Wonders
02:59 Tree of Ages
03:00 Tree of Ages
03:00 Tree of Ages
03:32 Tree of Life
04:00 Moon Well
04:38 Moon Well
05:26 Ancient of Wind
05:42 Tree of Eternity
06:18 Hunter's Hall
07:25 Moon Well
07:29 Moon Well
08:09 Chimaera Roost
08:11 Chimaera Roost
08:13 Chimaera Roost
10:00 Moon Well
10:01 Moon Well
13:04 Ancient of Wind
23:57 Tree of Life
26:32 Tree of Life
29:02 Tree of Life
31:40 Moon Well
31:59 Moon Well
32:21 Tree of Life
33:06 Tree of Life
33:23 Altar of Elders
35:02 Tree of Life
37:05 Tree of Ages
37:09 Altar of Elders
37:12 Moon Well
38:21 Tree of Life
39:08 Tree of Life
39:11 Tree of Life
39:34 Ancient of Wind
39:47 Ancient of Wind
40:12 Ancient of Wind
40:15 Moon Well
40:17 Moon Well
40:18 Moon Well
41:13 Ancient of Wind
41:14 Ancient of Wind
41:55 Tree of Life
43:30 Tree of Eternity
43:30 Tree of Eternity
43:30 Tree of Eternity
44:52 Moon Well
45:54 Chimaera Roost
45:55 Chimaera Roost
45:56 Chimaera Roost
46:56 Tree of Life
50:10 Moon Well
50:14 Altar of Elders
51:54 Tree of Life
» items
| Boots of Speed | 2 | |
| Moonstone | 2 | |
| Orb of Venom | 1 | |
| Staff of Preservation | 1 | |
| Circlet of Nobility | 1 | |
| Scroll of Town Portal | 16 | |
| Potion of Lesser Invulnerability | 4 | |
| Staff of Teleportation | 1 | |
| Scroll of Healing | 1 | |
| Tiny Great Hall | 2 | |
| Healing Salve | 1 | |
32 total
bubbleboy. (
green | 17 APM | 4489 actions | 256:31)
6 Blademaster
3 Wind Walk
2 Critical Strike
1 Bladestorm
5 Shadow Hunter
3 Hex
2 Healing Wave
» actions
| Assign group hotkey | 135 | |
| Basic commands | 123 | |
| Build / train | 78 | |
| Enter build submenu | 34 | |
| Enter hero's abilities submenu | 12 | |
| Give item / drop item | 5 | |
| Right click | 1963 | |
| Select / deselect | 422 | |
| Select group hotkey | 1456 | |
| Use ability | 260 | |
4489 total
» units
| Peon | 14 | |
| Goblin Shredder | 1 | |
| Wind Rider | 13 | |
| Troll Batrider | 5 | |
| Goblin Zeppelin | 1 | |
34 total
» upgrades
| Reinforced Defenses | 1 | |
| Envenomed Spears | 1 | |
| Ranged Weapons | 2 | |
| Armor | 2 | |
| Liquid Fire | 1 | |
7 total
» buildings
| Altar of Storms | 1 | |
| Orc Burrow | 10 | |
| Voodoo Lounge | 1 | |
| War Mill | 1 | |
| Stronghold | 2 | |
| Great Hall | 4 | |
| Watch Tower | 49 | |
| Fortress | 2 | |
| Beastiary | 3 | |
73 total
» build order
00:08 Altar of Storms
00:21 Orc Burrow
00:46 Voodoo Lounge
01:33 War Mill
02:27 Stronghold
02:27 Stronghold
02:36 Orc Burrow
04:09 Great Hall
04:14 Watch Tower
04:14 Watch Tower
04:15 Watch Tower
05:21 Great Hall
05:26 Watch Tower
05:26 Watch Tower
06:34 Watch Tower
06:34 Watch Tower
06:40 Watch Tower
06:58 Watch Tower
07:21 Fortress
07:21 Fortress
07:24 Beastiary
07:25 Beastiary
07:32 Orc Burrow
08:43 Watch Tower
08:43 Watch Tower
08:44 Watch Tower
08:45 Watch Tower
08:47 Watch Tower
08:48 Watch Tower
10:45 Watch Tower
10:45 Watch Tower
10:45 Watch Tower
12:06 Watch Tower
12:07 Watch Tower
12:07 Watch Tower
12:08 Watch Tower
12:08 Watch Tower
13:35 Beastiary
13:39 Orc Burrow
13:40 Orc Burrow
13:40 Orc Burrow
17:23 Watch Tower
17:23 Watch Tower
17:23 Watch Tower
17:24 Watch Tower
17:24 Watch Tower
17:24 Watch Tower
17:25 Watch Tower
17:48 Watch Tower
17:48 Watch Tower
18:36 Watch Tower
18:37 Watch Tower
18:38 Watch Tower
18:39 Watch Tower
18:39 Watch Tower
18:40 Watch Tower
19:24 Watch Tower
19:26 Watch Tower
19:27 Watch Tower
19:27 Watch Tower
19:28 Watch Tower
20:14 Watch Tower
20:14 Watch Tower
23:56 Great Hall
24:00 Orc Burrow
24:00 Orc Burrow
35:47 Orc Burrow
35:47 Orc Burrow
54:57 Great Hall
55:22 Watch Tower
55:22 Watch Tower
55:23 Watch Tower
» items
| Healing Salve | 4 | |
| Scroll of Town Portal | 8 | |
| Staff of Teleportation | 2 | |
| Potion of Lesser Invulnerability | 1 | |
| Tiny Great Hall | 1 | |
| Lesser Clarity Potion | 1 | |
17 total
team 2 (loser)
LOSEisWIN (
orange | 50 APM | 1193 actions | 23:52)
4 Death Knight
2 Death Coil
2 Unholy Aura
3 Lich
2 Frost Nova
1 Frost Armor
1 Blademaster
1 Critical Strike
» actions
| Assign group hotkey | 12 | |
| Basic commands | 46 | |
| Build / train | 53 | |
| ESC pressed | 7 | |
| Enter build submenu | 22 | |
| Enter hero's abilities submenu | 8 | |
| Give item / drop item | 1 | |
| Remove unit from queue | 1 | |
| Right click | 340 | |
| Select / deselect | 268 | |
| Select group hotkey | 375 | |
| Use ability | 60 | |
1193 total
» units
| Acolyte | 16 | |
| Ghoul | 4 | |
| Crypt Fiend | 5 | |
| Frost Wyrm | 3 | |
28 total
» upgrades
| Web | 1 | |
| Creature Attack | 3 | |
| Creature Carapace | 2 | |
| Freezing Breath | 1 | |
7 total
» buildings
| Graveyard | 1 | |
| Crypt | 1 | |
| Altar of Darkness | 1 | |
| Ziggurat | 9 | |
| Tomb of Relics | 1 | |
| Halls of the Dead | 1 | |
| Black Citadel | 1 | |
| Sacrificial Pit | 1 | |
| Boneyard | 3 | |
19 total
» build order
00:18 Graveyard
00:25 Crypt
00:50 Altar of Darkness
00:57 Ziggurat
01:21 Tomb of Relics
01:42 Ziggurat
03:09 Halls of the Dead
04:35 Ziggurat
06:02 Black Citadel
06:08 Ziggurat
07:29 Sacrificial Pit
08:26 Boneyard
08:31 Boneyard
08:34 Boneyard
11:57 Ziggurat
11:58 Ziggurat
17:11 Ziggurat
17:12 Ziggurat
17:13 Ziggurat
» items
| Rod of Necromancy | 1 | |
| Scroll of Town Portal | 2 | |
| Orb of Corruption | 1 | |
| Potion of Mana | 1 | |
5 total

»
VSOP (
purple | 13 APM | 1237 actions | 92:36)
4 Blademaster
2 Wind Walk
2 Critical Strike
3 Tauren Chieftain
1 War Stomp
2 Endurance Aura
3 Pit Lord
2 Howl of Terror
1 Cleaving Attack
» actions
| Assign group hotkey | 23 | |
| Basic commands | 166 | |
| Build / train | 74 | |
| Enter build submenu | 18 | |
| Enter hero's abilities submenu | 10 | |
| Give item / drop item | 1 | |
| Remove unit from queue | 2 | |
| Right click | 346 | |
| Select / deselect | 256 | |
| Select group hotkey | 263 | |
| Use ability | 78 | |
1237 total
» units
| Peon | 11 | |
| Goblin Shredder | 1 | |
| Shaman | 3 | |
| Troll Witch Doctor | 2 | |
| Kodo Beast | 1 | |
| Tauren | 8 | |
| Troll Batrider | 12 | |
38 total
» upgrades
| Shaman Training | 2 | |
| Witch Doctor Training | 2 | |
| War Drums Damage Increase | 1 | |
| Melee Weapons | 2 | |
| Armor | 2 | |
| Pulverize | 1 | |
10 total
» buildings
| Altar of Storms | 1 | |
| Orc Burrow | 9 | |
| War Mill | 1 | |
| Voodoo Lounge | 1 | |
| Stronghold | 2 | |
| Great Hall | 3 | |
| Fortress | 1 | |
| Spirit Lodge | 2 | |
| Beastiary | 2 | |
| Tauren Totem | 2 | |
24 total
» build order
00:09 Altar of Storms
00:22 Orc Burrow
00:53 War Mill
01:09 Voodoo Lounge
02:36 Stronghold
03:07 Great Hall
03:31 Great Hall
03:44 Orc Burrow
03:45 Orc Burrow
03:50 Orc Burrow
05:01 Fortress
05:36 Spirit Lodge
05:37 Spirit Lodge
06:32 Beastiary
06:36 Orc Burrow
07:54 Tauren Totem
08:08 Tauren Totem
08:35 Orc Burrow
08:35 Orc Burrow
08:36 Orc Burrow
08:36 Orc Burrow
13:05 Beastiary
14:14 Great Hall
» items
| Healing Salve | 3 | |
| Circlet of Nobility | 1 | |
| Orb of Lightning | 2 | |
| Scroll of Speed | 1 | |
| Scroll of Town Portal | 1 | |
8 total
redbluegreenyel (
teal | 16 APM | 4151 actions | 254:21)
8 Mountain King
3 Storm Bolt
3 Bash
1 Avatar
1 Thunder Clap
7 Paladin
3 Holy Light
2 Divine Shield
1 Devotion Aura
1 Resurrection
6 Blood Mage
3 Banish
1 Flame Strike
1 Siphon Mana
1 Summon Phoenix
» actions
| Assign group hotkey | 50 | |
| Basic commands | 688 | |
| Build / train | 114 | |
| Enter build submenu | 44 | |
| Enter hero's abilities submenu | 22 | |
| Give item / drop item | 19 | |
| Right click | 600 | |
| Select / deselect | 684 | |
| Select group hotkey | 1617 | |
| Use ability | 312 | |
4151 total
» units
| Peasant | 12 | |
| Footman | 4 | |
| Goblin Shredder | 1 | |
| Gryphon Rider | 10 | |
| Dragonhawk Rider | 20 | |
47 total
» upgrades
| Defend | 1 | |
| Lumber Harvesting | 2 | |
| Masonry | 3 | |
| Swords | 3 | |
| Armor | 3 | |
| Storm Hammers | 1 | |
| Animal War Training | 1 | |
| Cloud | 1 | |
15 total
» buildings
| Altar of Kings | 1 | |
| Farm | 16 | |
| Barracks | 1 | |
| Scout Tower | 17 | |
| Lumber Mill | 1 | |
| Arcane Tower | 1 | |
| Keep | 4 | |
| Town Hall | 4 | |
| Guard Tower | 7 | |
| Arcane Vault | 1 | |
| Castle | 1 | |
| Blacksmith | 1 | |
| Gryphon Aviary | 3 | |
| Workshop | 2 | |
60 total
» build order
00:21 Altar of Kings
00:36 Farm
00:51 Barracks
01:01 Farm
01:33 Farm
01:36 Farm
01:50 Farm
01:54 Farm
01:57 Scout Tower
02:23 Lumber Mill
02:25 Arcane Tower
03:39 Keep
03:39 Keep
03:39 Keep
04:19 Farm
04:57 Town Hall
04:59 Scout Tower
05:01 Scout Tower
05:31 Guard Tower
05:32 Scout Tower
05:34 Scout Tower
05:44 Arcane Vault
06:03 Guard Tower
06:04 Scout Tower
06:07 Scout Tower
06:40 Guard Tower
06:58 Castle
07:41 Blacksmith
07:45 Gryphon Aviary
07:52 Gryphon Aviary
08:30 Farm
08:30 Farm
08:31 Farm
09:01 Farm
09:02 Farm
10:35 Farm
10:36 Farm
13:39 Scout Tower
13:40 Scout Tower
13:41 Scout Tower
13:42 Scout Tower
13:43 Scout Tower
13:44 Scout Tower
14:25 Guard Tower
14:36 Guard Tower
15:50 Guard Tower
16:29 Town Hall
22:17 Farm
22:17 Farm
22:37 Town Hall
24:46 Scout Tower
24:47 Scout Tower
24:50 Scout Tower
24:51 Scout Tower
26:22 Guard Tower
31:56 Town Hall
35:29 Gryphon Aviary
36:59 Workshop
37:06 Workshop
» items
| Boots of Speed | 3 | |
| Orb of Fire | 2 | |
| Scroll of Regeneration | 3 | |
| Lesser Clarity Potion | 3 | |
| Scroll of Town Portal | 2 | |
| Potion of Healing | 1 | |
14 total
thegreedyorc (
red | 26 APM | 6539 actions | 254:20)
10 Blademaster
3 Wind Walk
3 Critical Strike
1 Bladestorm
3 Mirror Image
» actions
| Assign group hotkey | 156 | |
| Basic commands | 335 | |
| Build / train | 160 | |
| ESC pressed | 16 | |
| Enter build submenu | 83 | |
| Enter hero's abilities submenu | 10 | |
| Give item / drop item | 18 | |
| Right click | 2935 | |
| Select / deselect | 622 | |
| Select group hotkey | 1764 | |
| Use ability | 440 | |
6539 total
» units
| Peon | 22 | |
| Grunt | 3 | |
| Goblin Zeppelin | 6 | |
| Goblin Shredder | 4 | |
| Wind Rider | 33 | |
| Troll Batrider | 9 | |
| Goblin Sapper | 10 | |
87 total
» upgrades
| Berserker Strength | 1 | |
| Armor | 3 | |
| Pillage | 1 | |
| Reinforced Defenses | 1 | |
| Ranged Weapons | 3 | |
| Envenomed Spears | 1 | |
| Liquid Fire | 1 | |
| Troll Regeneration | 1 | |
| Spiked Barricades | 3 | |
| Ensnare | 1 | |
| Melee Weapons | 1 | |
17 total
» buildings
| Orc Burrow | 10 | |
| Barracks | 1 | |
| Altar of Storms | 1 | |
| Voodoo Lounge | 1 | |
| Stronghold | 2 | |
| War Mill | 2 | |
| Great Hall | 10 | |
| Watch Tower | 53 | |
| Fortress | 3 | |
| Beastiary | 4 | |
87 total
» build order
00:10 Orc Burrow
00:52 Barracks
00:54 Altar of Storms
01:35 Orc Burrow
02:10 Orc Burrow
02:38 Voodoo Lounge
03:41 Stronghold
03:41 Stronghold
04:17 War Mill
05:31 Great Hall
05:40 Watch Tower
05:56 Watch Tower
06:15 Watch Tower
06:18 Watch Tower
06:42 Watch Tower
07:25 Watch Tower
08:40 Orc Burrow
09:11 Fortress
09:11 Fortress
09:14 Watch Tower
09:15 Watch Tower
09:20 Watch Tower
10:11 Beastiary
12:16 Beastiary
12:17 Beastiary
13:57 Orc Burrow
15:59 Orc Burrow
16:04 Orc Burrow
16:05 Orc Burrow
16:37 Beastiary
17:20 Watch Tower
17:21 Watch Tower
17:23 Watch Tower
17:28 Watch Tower
18:59 Great Hall
19:01 Watch Tower
19:02 Watch Tower
19:03 Watch Tower
19:04 Watch Tower
19:06 Great Hall
19:52 Watch Tower
20:32 Watch Tower
20:36 Watch Tower
20:39 Watch Tower
20:45 Watch Tower
21:48 Watch Tower
21:50 Watch Tower
22:10 Watch Tower
22:11 Watch Tower
22:16 Watch Tower
22:32 Watch Tower
23:02 Watch Tower
24:17 Watch Tower
24:18 Watch Tower
24:28 Watch Tower
25:32 Watch Tower
25:33 Watch Tower
25:35 Watch Tower
31:28 Watch Tower
31:29 Watch Tower
31:30 Watch Tower
31:31 Watch Tower
31:32 Watch Tower
33:07 Watch Tower
35:31 Orc Burrow
35:34 Orc Burrow
45:06 Great Hall
46:15 Watch Tower
46:17 Watch Tower
47:48 Watch Tower
47:50 Watch Tower
50:14 Watch Tower
50:15 Watch Tower
50:18 Watch Tower
50:22 Watch Tower
50:26 Watch Tower
53:05 Watch Tower
53:06 Watch Tower
58:25 Great Hall
62:03 Watch Tower
77:25 Great Hall
77:47 Great Hall
87:17 Great Hall
104:27 Great Hall
104:34 Great Hall
213:47 War Mill
» items
| Healing Salve | 5 | |
| Lesser Clarity Potion | 5 | |
| Boots of Speed | 1 | |
| Replenishment Potion | 1 | |
| Pendant of Energy | 1 | |
| Ring of Regeneration | 1 | |
| Claws of Attack +6 | 1 | |
| Claws of Attack +9 | 1 | |
| Potion of Mana | 4 | |
| Mana Stone | 1 | |
| Orb of Lightning | 1 | |
| Potion of Healing | 2 | |
| Scroll of Protection | 1 | |
| Scroll of Regeneration | 3 | |
28 total
Chat log
(00:04 / All) thegreedyorc: sup
(00:48 / Allies) IamChris: hi
(00:55 / All) bubbleboy.: rate the star wars movie
(00:58 / All) bubbleboy.: 8/10
(01:01 / All) BrightStar: 10/10
(01:08 / All) LOSEisWIN: shit, not gonna see it
(01:16 / All) LOSEisWIN: im not gonna see it cuz of the black guy
(01:17 / All) LOSEisWIN: he ruined the movie
(03:59 / All) bubbleboy.: what is everyones opinion on black people
(04:10 / All) BrightStar: i feel like
(04:48 / All) bubbleboy.: go away faggot
(07:08 / All) bubbleboy.: go away faggot
(08:46 / All) thegreedyorc: stop lagging faggot
(09:20 / Allies) IamChris: lets save it pink
(09:24 / Allies) IamChris: repair and tp
(11:21 / All) bubbleboy.: JESUS
(11:22 / All) thegreedyorc: Fucking prick
(11:22 / All) bubbleboy.: PINK LEAVE
(11:24 / All) thegreedyorc: it's 2015
(11:58 / Allies) IamChris: lets meet?
(12:19 / Allies) IamChris: lets meet?
(12:28 / Allies) IamChris: those towers are not going to save our bases green :(
(12:29 / Allies) IamChris: just yours!
(12:34 / Allies) Dazitmane: tp
(12:38 / Allies) IamChris: K ALL TP
(12:39 / Allies) IamChris: FAST
(13:00 / Allies) IamChris: CHASE
(13:04 / Allies) IamChris: NO
(13:09 / Allies) bubbleboy.: NO
(13:11 / Allies) bubbleboy.: DONT HIT REDS EXPO
(13:14 / Allies) IamChris: wjhy
(13:24 / Allies) bubbleboy.: i played himbefore hes just gonna tower
(13:27 / Allies) Dazitmane: units
(13:28 / Allies) IamChris: all together plz
(13:28 / Allies) Dazitmane: yellow
(13:31 / Allies) IamChris: ty
(13:39 / Allies) IamChris: pink
(13:41 / Allies) IamChris: please comew tih su
(14:26 / Allies) IamChris: togher plz
(14:27 / All) thegreedyorc: jesus christ
(14:31 / Allies) IamChris: togher
(14:51 / Allies) IamChris: use chims to kill hall
(15:13 / Allies) IamChris: back
(15:14 / Allies) IamChris: a bit blue
(15:18 / Allies) IamChris: not at towers
(15:32 / Allies) IamChris: u tped?
(15:39 / Allies) bubbleboy.: i cant fucking tell pink is lagging
(15:39 / Allies) IamChris: thats gg
(15:40 / Allies) bubbleboy.: every 4 sec
(15:47 / Allies) IamChris: we wasted all army
(15:50 / Allies) IamChris: why did u go into towers :(
(15:55 / Allies) bubbleboy.: RELAX
(15:56 / Allies) IamChris: lost 50 pop for nothnihng
(15:56 / Allies) bubbleboy.: its not over
(15:59 / Allies) IamChris: yes it is
(16:24 / Allies) IamChris: green got 4k gold and 100 toewrs that wont help us
(16:28 / Allies) IamChris: u will suicide ur army
(16:29 / Allies) IamChris: pink wont help
(16:30 / Allies) IamChris: its over
(16:41 / Allies) IamChris: tp to pink guys
(16:45 / Allies) IamChris: ...
(16:52 / Allies) IamChris: yes nwo its over no one tping
(17:39 / All) redbluegreenyel: idiot pink
(17:47 / All) IamChris: nah idiot rest of team who didnt wanna tp to his base
(20:22 / Allies) IamChris: green still hasnt learned that we cant kill the enemy with towers
(20:39 / Allies) IamChris: good luck green
(20:55 / Allies) bubbleboy.: u said the game was over 20 min ago
(20:59 / Allies) bubbleboy.: y are u still here faggot
(21:00 / Allies) IamChris: it is
(21:06 / Allies) IamChris: cuz i like to win
(21:07 / Allies) bubbleboy.: no its not
(21:15 / Allies) IamChris: if they come to me or blue
(21:16 / Allies) IamChris: its game over
(21:18 / Allies) IamChris: if they are retarded
(21:21 / Allies) IamChris: they will fight 50 towers and die
(21:24 / Allies) IamChris: thats the only 2 options
(21:31 / Allies) IamChris: im staying because there is a good chance they are as retarded as u
(21:41 / Allies) bubbleboy.: lol
(21:46 / Allies) bubbleboy.: im not losing; hint hint
(21:48 / All) redbluegreenyel: idiot blue
(21:59 / Allies) bubbleboy.: hit that
(22:03 / Allies) bubbleboy.: quit doing nothing
(22:11 / Allies) IamChris: i got 100 pop army
(22:13 / Allies) IamChris: last time i used it
(22:20 / Allies) IamChris: u guys fought towers and tped out early
(22:28 / Allies) bubbleboy.: hey idiot i said pink was lagging every 5 sec we coudlnt do shit that fight
(22:42 / Allies) IamChris: will u tp to save blues or my main
(22:44 / Allies) IamChris: or will u let us die
(22:44 / Allies) Dazitmane: u guys tping to me or no
(22:47 / Allies) IamChris: i will
(22:53 / Allies) bubbleboy.: i will ya
(22:56 / Allies) IamChris: ok
(23:01 / Allies) IamChris: lets do it then
(23:17 / Allies) IamChris: COME GREN
(23:17 / Allies) IamChris: FAST
(23:56 / All) thegreedyorc: lawl
(24:29 / Allies) IamChris: COME WITH US PLZ
(24:31 / Allies) bubbleboy.: hit teal
(24:31 / Allies) IamChris: oops caps
(24:36 / Allies) IamChris: come too
(24:50 / Allies) bubbleboy.: I SAID HI TEAL
(24:53 / Allies) IamChris: dont fight under twoers
(25:05 / Allies) IamChris: wtf green
(25:09 / Allies) bubbleboy.: o
(25:13 / Allies) IamChris: ..
(25:15 / Allies) IamChris: u killed bluers chims
(25:15 / Allies) IamChris: why
(25:22 / Allies) IamChris: why man
(25:27 / Allies) bubbleboy.: i told him
(25:28 / Allies) bubbleboy.: not red
(25:34 / Allies) IamChris: TP GREEN
(27:21 / All) bubbleboy.: fa
(27:26 / All) bubbleboy.: yelllow is a faggot baby
(27:28 / All) bubbleboy.: crying all game
(27:33 / All) IamChris: green stabbed blue
(27:34 / All) IamChris: for no reason
(27:34 / All) redbluegreenyel: yea i bet he is
(27:39 / All) redbluegreenyel: no one cares
(27:40 / All) redbluegreenyel: you guys lost
(27:43 / All) IamChris: yes we did
(27:48 / All) IamChris: always lose when u get stabbed
(27:57 / All) IamChris: green only has wyvs and towers
(27:59 / Allies) IamChris: u will win easy
(28:07 / All) redbluegreenyel: maybe you shouldnt have been a bitch
(28:11 / All) IamChris: ..
(28:14 / Allies) bubbleboy.: im gonna win this yellow lol
(28:17 / Allies) bubbleboy.: ur an idiot
(28:20 / All) thegreedyorc: what teal said
(28:22 / Allies) bubbleboy.: i have a "spy" on other team
(28:22 / Allies) IamChris: i will make sure u dont
(28:24 / Allies) bubbleboy.: retard
(28:27 / All) thegreedyorc: and you don't get tked lol
(28:29 / Allies) bubbleboy.: my "spy" will win this
(28:35 / Allies) IamChris: you will lose
(28:39 / Allies) IamChris: i will watch u lose
(29:39 / Allies) bubbleboy.: yellow ur such a baby
(29:46 / Allies) bubbleboy.: like i said my spy guarantees my win
(29:48 / Allies) IamChris: u cant win
(29:57 / Allies) bubbleboy.: guarantees
(29:58 / Allies) IamChris: u sux too hard
(30:02 / Allies) IamChris: i will watch u lose
(30:03 / Allies) bubbleboy.: its 2v1 the other guy cant beat us
(36:28 / All) bubbleboy.: having fun faggot yellow
(36:31 / All) bubbleboy.: told u i would win
(36:34 / All) redbluegreenyel: eat it
(39:17 / All) redbluegreenyel: lol red
(39:43 / All) redbluegreenyel: why?
(39:51 / All) bubbleboy.: take a guess loser
(39:52 / Allies) IamChris: look at that no gold and im betting red loses his army to teal
(39:58 / All) thegreedyorc: I don't trust you
(39:58 / All) thegreedyorc: teal
(40:03 / Allies) bubbleboy.: its over yelow
(40:03 / All) thegreedyorc: you were going to tk me
(40:05 / All) thegreedyorc: and give me a loss
(40:05 / Allies) bubbleboy.: red has 30k gold
(40:07 / Allies) bubbleboy.: retard
(40:11 / Allies) bubbleboy.: i won like i said
(40:22 / Allies) IamChris: go scout that area
(40:25 / Allies) IamChris: lets see if he has any army left
(40:28 / Allies) IamChris: i bet he has nothing
(42:04 / Allies) IamChris: lol
(42:05 / Allies) IamChris: teal still fine
(45:12 / Allies) IamChris: my money is still on u losing
(45:19 / Allies) bubbleboy.: naw blue and teal truced lol
(45:22 / Allies) bubbleboy.: i mean teal and erd
(45:35 / Allies) IamChris: u will lose green
(45:46 / Allies) bubbleboy.: i wont
(45:50 / Allies) IamChris: yes u will
(45:53 / Allies) bubbleboy.: u just wtch football it will be over
(45:55 / Allies) IamChris: u sux so hard
(46:44 / Allies) bubbleboy.: see they are working together
(46:45 / Allies) IamChris: yeah ur done
(46:48 / Allies) IamChris: exactly
(46:49 / Allies) IamChris: so u r fucked
(46:52 / Allies) bubbleboy.: LOL
(46:55 / Allies) IamChris: blue is dead easy
(46:56 / Allies) bubbleboy.: red is with me retard
(46:58 / Allies) IamChris: and u got nothing
(47:00 / Allies) bubbleboy.: blue was a threat
(47:02 / Allies) bubbleboy.: cuz of his expos
(47:08 / Allies) bubbleboy.: red manipulated them
(47:08 / Allies) IamChris: blue is dead
(47:19 / Allies) bubbleboy.: u catch on quick
(47:20 / Allies) IamChris: and red and teal can easy rape u
(47:21 / Allies) bubbleboy.: retard
(47:29 / Allies) bubbleboy.: red is with me lol
(47:31 / Allies) bubbleboy.: are u this dumb
(47:52 / Allies) IamChris: red isnt with u
(47:56 / Allies) IamChris: or this game would be over
(48:05 / Allies) bubbleboy.: watch
(48:06 / Allies) IamChris: its obvious purp teal red gonna win
(48:08 / Allies) bubbleboy.: ill ask a question
(48:23 / Allies) bubbleboy.: who is hotter jennifer lawerence or emma watson
(48:32 / All) thegreedyorc: emma watson
(48:36 / Allies) bubbleboy.: see
(48:39 / All) bubbleboy.: faggot yellow deosnt believe me
(48:41 / All) bubbleboy.: lol
(48:55 / All) IamChris: green gonna lose
(48:57 / All) IamChris: he is such a noob
(49:07 / All) bubbleboy.: y are u here yellow u have no units
(49:13 / All) IamChris: to watch u lose
(49:14 / All) IamChris: noob
(49:24 / All) bubbleboy.: hows the master plan going
(49:30 / All) IamChris: excellnt
(49:32 / All) IamChris: its now 3v1
(49:34 / All) IamChris: good luck
(49:47 / All) redbluegreenyel: red back stabbed me
(49:53 / All) IamChris: now he is helping u
(49:53 / All) bubbleboy.: i know
(49:54 / All) thegreedyorc: I thought teal was going to backstab
(49:58 / All) thegreedyorc: he seemed suspicious
(50:00 / All) redbluegreenyel: thought.....
(50:05 / All) bubbleboy.: teal y did u tk
(50:07 / All) redbluegreenyel: so he attacked for no fucking reason
(50:14 / All) redbluegreenyel: i didnt tk anything
(50:27 / All) bubbleboy.: god blue
(50:32 / All) bubbleboy.: freaking nip
(50:48 / All) IamChris: blue is the only good player in this game
(50:56 / All) thegreedyorc: lol
(51:04 / All) thegreedyorc: We raped you yellow
(51:09 / All) IamChris: no you did not
(51:12 / All) bubbleboy.: red and green are good too
(51:18 / All) thegreedyorc: crybaby bitch yellow
(51:19 / All) IamChris: red and green are christmas noobs
(51:24 / All) IamChris: and green sux so hard
(51:35 / All) bubbleboy.: i told u man i won this
(51:42 / All) IamChris: u will lose
(51:44 / All) IamChris: i will watch u lose
(52:07 / All) IamChris: green has 2kg old if u tower up he will fight wyvs vs towers
(52:08 / All) IamChris: easy win
(52:13 / All) IamChris: build a fwe towers teal
(52:15 / All) IamChris: win so easy
(52:34 / All) IamChris: green is such a noob
(52:42 / All) IamChris: he can only make wyvs and towers all game
(52:43 / All) thegreedyorc: Green has units, you're just an observer lol
(52:48 / All) bubbleboy.: yellow is probably a man prostitute in real life
(52:57 / All) bubbleboy.: he sells himself for kicks
(53:00 / All) IamChris: look at those green heros
(53:04 / All) IamChris: level 5 after 2 hours
(53:07 / All) IamChris: how can u be so bad
(53:12 / All) IamChris: my heros were level 5 1.9 hours ago
(53:45 / All) IamChris: and now we will watch green lose
(53:49 / All) bubbleboy.: sure
(53:52 / All) bubbleboy.: watch wut happens
(53:55 / All) IamChris: all it will take is 5 seconds for him to attack a bunch of towers
(53:59 / All) IamChris: and get ranked
(54:25 / All) IamChris: run green run
(54:40 / All) bubbleboy.: i just raped purps army
(54:45 / All) bubbleboy.: that aint bad
(54:46 / All) IamChris: purp isnt even here
(54:58 / All) IamChris: not hard to kill 3 ground units with a full air army
(55:02 / All) IamChris: u donte ven need to micro
(55:07 / All) thegreedyorc: TEAL BASE
(55:09 / All) thegreedyorc: Hit teal main
(55:11 / All) bubbleboy.: k
(55:13 / All) bubbleboy.: boss
(55:39 / All) bubbleboy.: im pro yellow = noob
(55:44 / All) thegreedyorc: jesus christ
(55:46 / All) IamChris: lets watch green suicide his wyvs on towers
(55:47 / All) thegreedyorc: that trihero is a bitch
(56:27 / All) IamChris: lol teal fucking u up with no units
(56:32 / All) IamChris: funny as hell to watch
(56:56 / All) IamChris: u lost 3 quarters of ur army to a no unit army
(56:56 / All) IamChris: ROFL
(57:00 / All) IamChris: lol
(57:02 / All) IamChris: only 1 wyv left
(57:17 / All) redbluegreenyel: i dont get it red
(57:25 / All) IamChris: and u lost ur hero gren
(57:26 / All) IamChris: ROFL
(57:31 / All) IamChris: to just 3 heros thats all
(57:34 / All) IamChris: what a noob
(57:39 / All) bubbleboy.: mad
(57:42 / All) bubbleboy.: like i said yellow
(57:43 / All) thegreedyorc: to high level human trihero
(57:44 / All) bubbleboy.: i would win
(57:45 / All) IamChris: ur so bad
(57:47 / All) IamChris: u lost
(57:49 / All) redbluegreenyel: red im out of gold you idiot
(57:53 / All) bubbleboy.: time for yellow to leave lol
(57:53 / All) redbluegreenyel: you can see that
(58:02 / All) IamChris: ur terrible green
(58:04 / All) IamChris: i watched u get owned
(58:08 / All) bubbleboy.: he has no gold
(58:09 / All) IamChris: when u had 4x the army
(58:10 / All) IamChris: LOL
(58:15 / All) bubbleboy.: my heroes are already back
(58:23 / All) IamChris: u got 20 population
(58:29 / All) bubbleboy.: only had 30
(58:29 / All) IamChris: teal make ur 3 heros he wont stand a chance vs them
(58:32 / All) IamChris: even if he has 50 army
(58:37 / All) thegreedyorc: this faggot blue is still trying
(58:40 / All) redbluegreenyel: red and green obviously know each other
(58:40 / All) thegreedyorc: all tryhards this game
(58:41 / All) thegreedyorc: wow
(58:44 / All) bubbleboy.: its not my fault u and the other 2 fed teals heroes all game
(58:54 / All) IamChris: teal owns u green
(58:57 / All) IamChris: he is ur master
(59:00 / All) redbluegreenyel: i owned everyone
(59:02 / All) redbluegreenyel: including red
(59:03 / All) redbluegreenyel: twice
(59:11 / All) thegreedyorc: lol what?
(59:15 / All) bubbleboy.: the battle u may have won, u lose the war tho
(59:19 / All) redbluegreenyel: no you didnt red
(59:22 / All) IamChris: if you use drop hack I will gladly report this to bnet
(59:26 / All) thegreedyorc: lol if that makes you feel better to imagine
(59:27 / All) IamChris: i got a nice long replay with the game
(59:29 / All) bubbleboy.: LOL
(59:37 / All) redbluegreenyel: the stabber always has the upper hand
(59:38 / All) bubbleboy.: yellow stfu u crybaby
(59:39 / All) thegreedyorc: You had 100 food human air and trihero and I'm 1 hero wyvern with orc
(59:44 / All) thegreedyorc: and playing my offrace
(59:45 / All) bubbleboy.: me and red won the war
(59:46 / All) thegreedyorc: I fucked you up
(59:46 / All) redbluegreenyel: YOU STABBED ME RED
(59:56 / All) IamChris: u know whats funny
(59:59 / All) redbluegreenyel: you are talking like we were enemies
(60:00 / All) IamChris: i could 1v2 two greens
(60:01 / All) bubbleboy.: ur face
(60:01 / All) redbluegreenyel: moron
(60:03 / All) IamChris: and win easy
(60:12 / All) bubbleboy.: this is only my 10th game back since may
(60:13 / All) IamChris: he is that bad
(60:23 / All) bubbleboy.: besides my bro kodos_fosaken is #1 in US
(60:43 / All) IamChris: and if he were here he would tell u u sux so hard
(60:55 / All) bubbleboy.: yellow is an observer and still taking
(60:57 / All) IamChris: u will lose for usre
(60:57 / All) thegreedyorc: if he was here he would laugh at you tryhard faggots in a 13 year old game
(61:00 / All) thegreedyorc: as would anyone
(61:22 / All) IamChris: green lost
(61:25 / All) IamChris: big surprise
(61:41 / All) bubbleboy.: lol
(61:42 / All) thegreedyorc: ahhh
(61:43 / All) thegreedyorc: finally
(61:45 / All) bubbleboy.: yellows turn to leave
(61:46 / All) thegreedyorc: peace and quiet from blue
(61:47 / Allies) bubbleboy.: and teals
(61:53 / All) IamChris: green still a noob
(61:54 / All) thegreedyorc: Guess this is going to be a standoff
(62:06 / All) IamChris: in fact
(62:14 / All) IamChris: i would bet $100 I could beat 2 of him playing me 2v1
(62:15 / All) bubbleboy.: no fuck yellow and teal lets wait til one of the babies leve
(62:24 / All) thegreedyorc: we rocked you crybaby bitch yellow lol
(62:26 / All) bubbleboy.: yellow u have no units; u have no place here
(62:31 / All) IamChris: you are terrible
(62:41 / All) bubbleboy.: me and red didnt even play our best games and u guys still got owned
(62:47 / All) thegreedyorc: Yellow, green and I are the only players still standing
(62:51 / All) thegreedyorc: Seems like we're both better than you
(62:53 / All) IamChris: green is not standing
(62:55 / All) IamChris: he got raped by 3 heros
(63:09 / All) IamChris: it was the funniest thing ive ever seen after all his shit talking
(63:12 / All) IamChris: completely owned
(63:21 / All) bubbleboy.: i told u man, yellow is a talker
(63:23 / All) thegreedyorc: yeah I'm sure you're "laughing"
(63:28 / All) thegreedyorc: you're seething with rage and pretending to be
(63:36 / All) IamChris: you bet
(63:37 / All) bubbleboy.: in the words of the hound from game of thrones, he is just a talker
(63:40 / All) IamChris: watching green die made me so angry
(63:48 / All) IamChris: oh wait...
(63:51 / All) IamChris: that was quite enjoyable
(63:57 / All) IamChris: glad i grabbed the sweet tarts and watched this unfold
(64:00 / All) thegreedyorc: You got fucked this game
(64:03 / All) thegreedyorc: You lost little bitch boy
(64:06 / All) IamChris: on contraire
(64:09 / All) IamChris: i watched green get owned
(64:13 / All) thegreedyorc: au contraire is the term btw
(64:19 / All) IamChris: nobody cares
(64:22 / All) bubbleboy.: we are uploading this; the "rape of iamchris"
(64:29 / All) IamChris: i will upload it too
(64:30 / All) thegreedyorc: why do you use a term based in french if you can't even use it correctly
(64:35 / All) IamChris: one crybaby who got owned
(64:36 / All) bubbleboy.: wcreplays.com and highperch
(64:39 / All) IamChris: and one who is his master
(64:53 / All) bubbleboy.: do u think me and red are bed buddies
(64:54 / All) IamChris: green you are obviously reds little bitch
(64:59 / All) thegreedyorc: lol
(65:07 / All) IamChris: i bet he tells u when u get to shit
(65:09 / All) bubbleboy.: i am not his bitch; we are nearly on equal terms
(65:11 / All) thegreedyorc: Everyone on battle.net, everyone in 4v4 RT is our bitch
(65:15 / All) IamChris: not from what ive seen
(65:21 / All) IamChris: you do his bidding
(65:41 / All) IamChris: keep doing his bidding
(65:45 / All) thegreedyorc: We're above all of you, we tk everyone and no one can stop us
(65:54 / All) IamChris: you are above green
(65:56 / All) IamChris: thats all ive seen
(66:02 / All) bubbleboy.: make sure yellow has no peasants i dont want this crybaby thinking he is good at wc3
(66:03 / All) thegreedyorc: We play lazily and fuck around and do similar stuff all the time, no one can beat us
(66:12 / All) thegreedyorc: we always succeed, 99% success rate with our tks
(66:23 / All) bubbleboy.: i wonder who will win the wait game, yellow or teal
(66:23 / All) IamChris: and you lose >50% of games u play in
(66:27 / All) thegreedyorc: Players like teal, yellow, blue, you are all just shit under our boots
(66:46 / All) thegreedyorc: Teal is 2-0
(66:49 / All) IamChris: its okay green is suiciding because he knows 3 heros will own him
(66:51 / All) thegreedyorc: since you asked
(67:00 / All) thegreedyorc: nah you're just not intelligent enough to figure out what we're doing
(67:09 / All) IamChris: u r giving orders
(67:13 / All) IamChris: green is following them
(67:15 / All) IamChris: obvious.
(67:21 / All) IamChris: he is your lap dog
(67:39 / All) thegreedyorc: He's my colleague, my stabbing partner for years
(67:48 / All) bubbleboy.: yellow is 170-150
(67:49 / All) IamChris: thats what u say to his face
(67:54 / All) bubbleboy.: i say crybaby needs the loss
(68:02 / All) IamChris: told u green would lose
(68:08 / All) IamChris: haha right 100% of the time
(68:24 / All) bubbleboy.: manipulation doesnt work on me; i am above reverse physcology
(68:33 / All) thegreedyorc: They always try reverse psychology shit
(68:48 / All) IamChris: you do know
(68:54 / All) IamChris: you should profile me after the game
(68:57 / All) IamChris: and check my stats for real
(69:03 / All) IamChris: and you will see
(69:07 / All) IamChris: that i need the losses anyway just to find games
(69:12 / All) thegreedyorc: All I need to know about you is we fucked you no problem
(69:14 / All) IamChris: so good on you
(69:14 / All) thegreedyorc: easy pickings
(69:16 / All) IamChris: profile me
(69:18 / All) bubbleboy.: naw its cool, we already owned u this game
(69:20 / All) thegreedyorc: just normal scrub 4v4 rt trash
(69:26 / All) thegreedyorc: all the good players quit years ago
(69:29 / All) IamChris: you wont believe what u see
(70:03 / All) bubbleboy.: i cannot believe this loser is still here he really wants a win
(70:04 / All) thegreedyorc: I'm looking at your profile online alt tabbed but I don't see anything special
(70:11 / All) IamChris: u dont see the 70 losses?
(70:15 / All) IamChris: just so I can find games
(70:23 / All) bubbleboy.: lawl
(70:25 / All) IamChris: and the 70% wins for the games I do play in
(70:31 / All) IamChris: haha
(70:32 / All) bubbleboy.: this is 2015; this aint 2006 nigga
(70:37 / All) IamChris: give me a loss
(70:39 / All) thegreedyorc: I see someone who can get 69% in a 13 year old game
(70:43 / All) IamChris: yup
(70:44 / All) thegreedyorc: Maybe your record would be impressive years ago
(70:52 / All) thegreedyorc: did it really take you that long to get an account like that?
(70:59 / All) thegreedyorc: grats, but no one cares in nearly 2016 lol
(71:03 / All) IamChris: these were the only games I've played in the last 10 years
(71:08 / All) bubbleboy.: Y
(71:09 / All) bubbleboy.: R
(71:10 / All) bubbleboy.: U
(71:11 / All) bubbleboy.: STILL HERE
(71:15 / All) IamChris: WHY NOT
(71:17 / All) thegreedyorc: Maybe you're proud of that record after so many years trying
(71:23 / All) bubbleboy.: christ this baby will do anything for a win
(71:27 / All) thegreedyorc: and your mom might compliment it, but fact of the matter is it's december 2015 and no one cares
(71:58 / All) IamChris: lets watch green lose
(73:41 / All) thegreedyorc: teal, purple, either of you here?
(73:45 / All) thegreedyorc: Anything to say for yourselves?
(73:53 / All) bubbleboy.: blue was unbelievable, typical nip never giving up
(74:16 / All) IamChris: HAHAH
(74:18 / All) IamChris: green is a pussy
(74:55 / All) thegreedyorc: Yellow can only wish he had control over the game like us
(75:06 / All) thegreedyorc: From where you're all kneeling it must look like an 18-karat run of bad luck
(75:07 / All) IamChris: bla bla bla
(75:11 / All) thegreedyorc: but the truth is, the game was rigged from the start
(75:15 / All) bubbleboy.: im gonna watch football i expect to still see crybaby here when i get back
(75:15 / All) IamChris: bla bla bla
(75:21 / All) thegreedyorc: lol
(75:24 / All) IamChris: green is too pussy to kill it
(75:32 / All) thegreedyorc: I'll leave my PC on and collect their chat if they say anything
(76:16 / All) bubbleboy.: k watching football
(76:22 / All) bubbleboy.: ill be on steam on my phone rod
(76:27 / All) thegreedyorc: k
(76:30 / All) IamChris: your little bitch will be
(76:35 / All) IamChris: u can call him and he will come anytime
(76:39 / All) thegreedyorc: Are you having as much fun as I am yellow?
(76:51 / All) thegreedyorc: teal, purple, did you both enjoy this fine match of 4v4 RT?
(79:09 / All) thegreedyorc: ahhhhh, I love the feeling after a game like this, don't you all?
(79:18 / All) thegreedyorc: What an enjoyable match of 4v4